 Dungeon Crawl Stone Soup version 0.29.0-13-gc9e81de378 (webtiles) character file.

Game seed: 14153247559582593135

351 iguanaiguana the Chopper (level 6, -3/56 HPs)
             Began as a Minotaur Fighter on Sept 7, 2022.
             Succumbed to Crazy Yiuf's poison
             ... on level 3 of the Dungeon.
             The game lasted 00:01:00 (3449 turns).

iguanaiguana the Chopper (Minotaur Fighter)         Turns: 3449, Time: 00:01:01

Health: -3/56      AC:  7    Str: 22    XL:     6   Next: 34%
Magic:  5/5        EV:  9    Int:  5    God:
Gold:   218        SH:  5    Dex: 10    Spells: 5/5 levels left

rFire   . . .      SeeInvis .   a - +0 war axe
rCold   . . .      Faith    .   c - +0 buckler
rNeg    . . .      Spirit   .   b - +0 scale mail
rPois   .          Reflect  .   (helmet restricted)
rElec   .          Harm     .   (no cloak)
rCorr   .          Rampage  .   (no gloves)
Will    .....                   (no boots)
Stlth   ..........              (no amulet)
HPRegen 0.18/turn               (no ring)
MPRegen 0.09/turn               (no ring)

@: lethally poisoned (-3 -> -29)
A: horns 2, retaliatory headbutt
a: no special abilities


You were on level 3 of the Dungeon.
You visited 1 branch of the dungeon, and saw 3 of its levels.

You collected 218 gold pieces.

Inventory:

Hand Weapons
 a - a +0 war axe (weapon)
Missiles
 m - 4 poisoned darts (quivered)
Armour
 b - a +0 scale mail (worn)
 c - a +0 buckler (worn)
Jewellery
 y - a ring of ice
Scrolls
 f - 2 scrolls of poison {unknown}
 g - 2 scrolls of vulnerability {unknown}
 h - a scroll of brand weapon {unknown}
 i - 2 scrolls of blinking {unknown}
 j - a scroll of amnesia {unknown}
 n - a scroll of teleportation {unknown}
 o - 2 scrolls of magic mapping {unknown}
 q - a scroll of enchant armour {unknown}
 s - a scroll of fear {unknown}
 t - a scroll of identify {unknown}
 u - a scroll of butterflies {unknown}
 v - a scroll of immolation {unknown}
Potions
 d - 3 potions of might {@q3}
 e - 2 potions of mutation {unknown}
 k - a potion of brilliance {unknown}
 l - 2 potions of resistance {unknown}
 p - a potion of magic {unknown}
 r - a potion of curing {@q1}
 w - a potion of lignification {unknown}
 x - a potion of flight {unknown}
 z - a potion of berserk rage {unknown}
 A - a potion of haste {unknown}


   Skills:
 + Level 5.0 Fighting
 * Level 5.4 Axes
 + Level 5.0 Armour
 + Level 5.0 Shields


You had 5 spell levels left.
You didn't know any spells.
Your spell library was empty.

Dungeon Overview and Level Annotations

Branches:
Dungeon (3/15) Zot: 14481

Altars:
Hepliaklqana
Xom


Innate Abilities, Weirdness & Mutations

You have a pair of horns on your head.
You reflexively headbutt those who attack you in melee.


Message History

Key pressed, stopping explore.
Crazy Yiuf shouts!
No reachable target in view!
No reachable target in view!
No reachable target in view!
Could not explore, unopened runed door.
No reachable target in view!
No reachable target in view!
No reachable target in view!
Could not explore, unopened runed door.
No reachable target in view!
No reachable target in view!
No reachable target in view!
Could not explore, unopened runed door.
No reachable target in view!
No reachable target in view!
No reachable target in view!
Crazy Yiuf whimpers, "Blight pontify pizzabubble!"
You barely miss Crazy Yiuf.
Crazy Yiuf is moderately wounded.
Crazy Yiuf hits you with a +2 quarterstaff of chaos!
You barely miss Crazy Yiuf.
Crazy Yiuf is moderately wounded.
Crazy Yiuf hits you with a +2 quarterstaff of chaos!
You closely miss Crazy Yiuf.
Crazy Yiuf is moderately wounded.
Crazy Yiuf hits you with a +2 quarterstaff of chaos!
* * * LOW HITPOINT WARNING * * *
You are poisoned.
Crazy Yiuf hits you with a +2 quarterstaff of chaos.
* * * LOW HITPOINT WARNING * * *
You slash Crazy Yiuf!
Crazy Yiuf is severely wounded.
You feel very sick.
Crazy Yiuf hits you with a +2 quarterstaff of chaos!
* * * LOW HITPOINT WARNING * * *
You are more poisoned.
You hit Crazy Yiuf.
You kill Crazy Yiuf!
You die...

.♣#♣.~~#####
~~.~~.~....#
~.~~...#####
~~≈.~......#
#####
.~#♣~.~..###
#..)#
~.≈~≈....>.#
#...#
.~~≈#~~#...#
...
.~~.#~♣#...#
#)#
#♣.~#..##.##
♣♣@♣
..###..##.#
♣.♣♣ ..#
#..##†# ♣♣.♣
..# #..##.#
♣.♣♣ ..#
#..##.##
♣♣.♣♣ ..#
#......#
♣.P.♣♣
..###.###.##
♣♣..P♣
....#.# #.#
#....#
...##.# #.#
#....#


There were no monsters in sight!

Vanquished Creatures
  Sigmund (D:3)
  Crazy Yiuf (D:3)
  Jessica (D:2)
  Natasha (thrice) (D:3)
  3 adders
  A worm (D:2)
  A dart slug (D:3)
  7 orcs (D:3)
  5 bats
  5 endoplasms
  2 giant cockroaches
  5 goblins
  5 hobgoblins
  3 jackals (D:1)
  4 ball pythons
  7 frilled lizards
  5 kobolds
  6 rats
  A spectral hobgoblin (D:3)
66 creatures vanquished.

Vanquished Creatures (others)
  3 fungi (D:3)
3 creatures vanquished.

Grand Total: 69 creatures vanquished

Notes
Turn   | Place    | Note
-------+----------+-------------------------------------------
     0 | D:1      | iguanaiguana the Minotaur Fighter began the quest for the
                  | Orb.
     0 | D:1      | Reached XP level 1. HP: 19/19 MP: 0/0
   164 | D:1      | Reached XP level 2. HP: 14/27 MP: 1/1
  1170 | D:2      | Reached XP level 3. HP: 22/33 MP: 2/2
  1611 | D:2      | Noticed Jessica
  1623 | D:2      | Killed Jessica
  1995 | D:2      | Found a shimmering altar of Xom.
  2199 | D:3      | Reached XP level 4. HP: 40/40 MP: 3/3
  2202 | D:3      | Noticed Sigmund
  2207 | D:3      | Killed Sigmund
  2208 | D:3      | Reached XP level 5. HP: 36/47 MP: 4/4
  2228 | D:3      | Reached skill level 5 in Axes
  2452 | D:3      | Noticed Natasha
  2458 | D:3      | Killed Natasha
  2459 | D:3      | Reached XP level 6. HP: 34/55 MP: 5/5
  2668 | D:3      | Found a hazy altar of Hepliaklqana.
  2918 | D:3      | Noticed Natasha
  2925 | D:3      | Killed Natasha
  3042 | D:3      | Reached skill level 5 in Armour
  3091 | D:3      | Reached skill level 5 in Fighting
  3223 | D:3      | Noticed Natasha
  3229 | D:3      | Killed Natasha
  3230 | D:3      | Reached skill level 5 in Shields
  3274 | D:3      | Found a runed translucent door.
  3275 | D:3      | Noticed Crazy Yiuf
  3449 | D:3      | Killed Crazy Yiuf
  3449 | D:3      | Succumbed to Crazy Yiuf's poison

Illustrated notes

Levels and vault maps discovered:
D:1:      dpeg_arrival_round_b, layout_loops_ring,
          chequers_serial_rivers_micro_c
D:2:      layout_basic, basic_altar, uniq_jessica
D:3:      layout_basic, nicolae_hepliaklqana_monster_ancestors, serial_rivers,
          chequers_serial_rivers_micro_c, chequers_serial_rivers_marsh,
          chequers_serial_rivers_large_a, chequers_serial_rivers_micro_a,
          chequers_serial_rivers_room_b, chequers_serial_rivers_micro_c,
          uniq_natasha, uniq_crazy_yiuf_cottage, uniq_sigmund

Skill      XL: |  1  2  3  4  5  6 |
---------------+-------------------+-----
Axes           | 3 4 5 |  5.4
Fighting       | 4 5 |  5.0
Armour         | 4 5 |  5.0
Shields        | 4 5 |  5.0

Action                   |  1- 3 |  4- 6 || total
-------------------------+-------+-------++-------
Melee: War axe           |    88 |    63 ||   151
       Headbutt          |     2 |     8 ||    10
Armor: Scale mail        |    46 |    18 ||    64
Dodge: Dodged            |    45 |    21 ||    66
Block: Buckler           |    16 |    15 ||    31
